 Dungeon Crawl Stone Soup version 0.32-a0-913-g739538afd8 (webtiles) character file.

Game seed: 16286318708158115530

206388 shadizar the Devastator (level 19, -9/141 HPs)
             Began as a Djinni Conjurer on Apr 8, 2024.
             Was the Champion of Makhleb.
             Hit by a silver javelin thrown by a merfolk javelineer (16 damage)
             ... on level 4 of the Shoals.
             The game lasted 01:05:38 (27609 turns).

shadizar the Devastator (Djinni Conjurer)          Turns: 27609, Time: 01:05:39

Health: -9/141     AC: 14    Str:  6    XL:     19   Next: 42%
Gold:   2691       EV: 11    Int: 31    God:    Makhleb [******] SH: 20 Dex: 12

rFire   + + +        V - staff "Transmigrator" {*Corrode rF+++ rN+ Dex-3 Conj Necro}
rCold   + + +        A - +3 tower shield {rC+}
rNeg    + + +        N - +0 acid dragon scales
rPois   ∞            L - +2 hat
rElec   .            Q - scarf {rC+ rF+}
rCorr   +            d - +2 pair of gloves
SInv    .            (boots unavailable)
Will    ++...        f - amulet of regeneration
Stlth   ++           c - ring "Moatux" {rF+ rC++ MP+9 Int+6}
HPRegen 1.23/turn    O - ring "Reir" {*Slow rN++ Will+ rCorr Dex+2}

%: corrode self (3%), slow self (1%), infuse magic (-10 HP)
@: flying, slowed, studying 4 skills, very slow
A: sickness immunity, fire resistance 2, cold vulnerability 1, float, innate
caster, HP casting, extra vitality 1, dopey 1
}: 1/15 runes: serpentine
a: Renounce Religion, Minor Destruction, Lesser Servant of Makhleb, Major
Destruction, Greater Servant of Makhleb


You were on level 4 of the Shoals.
You worshipped Makhleb.
Makhleb was exalted by your worship.
You visited 6 branches of the dungeon, and saw 30 of its levels.
You also visited: Sewer and Ice Cave.

You collected 4527 gold pieces.
You spent 1836 gold pieces at shops.

Inventory:

Missiles
 u - 2 throwing nets
Armour
 a - the +0 cloak of the Thief {Quiet Slay-3 SInv Stlth+}
   (You acquired it on level 9 of the Dungeon)

   Quiet:     All noise in your surroundings is dampened.
   Slay-3:    It affects your accuracy & damage with ranged weapons and melee
   (-3).
   SInv:      It lets you see invisible.
   Stlth+:    It makes you more stealthy.
 d - a +2 pair of gloves (worn)
 A - a +3 tower shield of cold resistance (worn)
 C - a +3 kite shield
 K - a +1 kite shield of positive energy
 L - a +2 hat (worn)
 N - +0 acid dragon scales (worn)
 Q - a scarf of resistance (worn)
 T - the +0 leather armour of Macaroni {*Slow rN+ Int+3 Stlth+}
   (You found it on level 3 of the Lair of Beasts)

   Int+3:     It affects your intelligence (+3).
   rN+:       It protects you from negative energy.
   *Slow:     It may slow you when you take damage.
   Stlth+:    It makes you more stealthy.
Magical Staves
 V - the staff "Transmigrator" (weapon) {*Corrode rF+++ rN+ Dex-3 Conj Necro}
   (You found it in an ice cave)

   [staff of death]

   Base accuracy: +5 Base damage: 5 Base attack delay: 1.2 This weapon's minimum
   attack delay (0.6) is reached at skill level 12.
   Dex-3:     It affects your dexterity (-3).
   rF+++:     It renders you almost immune to fire.
   rN+:       It protects you from negative energy.
   *Corrode:  It may corrode you when you take damage.
   Conj:      It increases the power of your Conjurations spells.
   Necro:     It increases the power of your Necromancy spells.
   It falls into the 'Staves' category.
   It is a one-handed weapon.
Jewellery
 c - the ring "Moatux" (left hand) {rF+ rC++ MP+9 Int+6}
   (You acquired it on level 9 of the Dungeon)

   [ring of intelligence]

   Int+6:     It affects your intelligence (+6).
   rF+:       It protects you from fire.
   rC++:      It greatly protects you from cold.
   MP+9:      It affects your magic capacity (+9).
 f - an amulet of regeneration (around neck)
 y - the ring of Shadows {Umbra +Inv Stlth+}
   (You found it on level 1 of the Snake Pit)

   [ring of stealth]

   Umbra:     It surrounds you with an aura of shadow, increasing your stealth
   and reducing the accuracy of all others within it.
   +Inv:      It lets you turn invisible.
   Stlth+:    It makes you more stealthy.
 O - the ring "Reir" (right hand) {*Slow rN++ Will+ rCorr Dex+2}
   (You found it on level 1 of the Snake Pit)

   [ring of willpower]

   Dex+2:     It affects your dexterity (+2).
   rN++:      It greatly protects you from negative energy.
   Will+:     It increases your willpower.
   rCorr:     It protects you from acid and corrosion.
   *Slow:     It may slow you when you take damage.
 U - a ring of ice
 W - the ring "Ziovol" {Ice Will+ Str+3 Dex+2}
   (You found it on level 1 of the Snake Pit)

   [ring of ice]

   Ice:       It enhances your ice magic.
   Str+3:     It affects your strength (+3).
   Dex+2:     It affects your dexterity (+2).
   rF-:       It makes you vulnerable to fire.
   rC+:       It protects you from cold.
   Will+:     It increases your willpower.
Talismans
 t - the serpent talisman of Misanthropy {rCorr Str+2}
   (You took it off Aizul on level 1 of the Snake Pit)

   [serpent talisman]

   Str+2:     It affects your strength (+2).
   rCorr:     It protects you from acid and corrosion.
Wands
 l - a wand of flame (62)
 p - a wand of paralysis (26)
 x - a wand of quicksilver (9)
 z - a wand of mindburst (23)
 G - a wand of warping (11)
 H - a wand of polymorph (7)
Scrolls
 b - 11 scrolls of teleportation
 j - 2 scrolls of revelation
 r - 2 scrolls of identify
 w - a scroll of fear
 P - a scroll of enchant weapon
 S - a scroll of blinking
 Y - a scroll of fog
Potions
 e - 12 potions of curing
 g - 5 potions of cancellation
 h - 2 potions of berserk rage
 i - 2 potions of might
 k - 9 potions of ambrosia
 m - 2 potions of resistance
 q - a potion of magic {unknown}
 s - 4 potions of enlightenment
 v - 6 potions of heal wounds
 F - 5 potions of invisibility
 I - 3 potions of haste
 J - 5 potions of brilliance
Miscellaneous
 n - a sack of spiders
 M - a phantom mirror


   Skills:
 - Level 14.3 Fighting
 - Level 12.1 Armour
 - Level 14.0 Dodging
 - Level 5.0 Stealth
 + Level 14.4 Shields
 * Level 16.7 Spellcasting
 * Level 17.4 Conjurations
 * Level 16.7 Hexes
   Level 0.0 Charms
 * Level 16.7 Summonings
 * Level 16.7 Necromancy
 * Level 16.7 Translocations
   Level 0.0 Transmutations
 * Level 16.7 Fire Magic
 * Level 16.7 Ice Magic
 * Level 16.7 Air Magic
 * Level 16.7 Earth Magic
 * Level 16.7 Alchemy


You knew the following spells:

 Your Spells              Type           Power      Damage    Failure   Level
a - Magic Dart            Conj           100%       1d8       1%          1
b - Searing Ray           Conj           100%       2d8       1%          2
c - Fulminant Prism       Conj/Alch      57%        3d24      1%          4
d - Iskenderun's Mystic   Conj/Tloc      100%       2d19      (+2d11%     4
e - Slow                  Hex            100%       N/A       1%          1
f - Mercury Vapours       Alch/Air       100%       N/A       1%          2
g - Jinxbite              Hex            100%       N/A       1%          2
h - Confusing Touch       Hex            92%        N/A       1%          3
i - Iskenderun's Battles  Conj           100%       2d15      1%          5
j - Yara's Violent Unrav  Hex/Alch       46%        3d18      1%          5
k - Starburst             Conj/Fire      57%        6d15      4%          6
l - Haunt                 Necr/Summ      57%        N/A       28%         7
m - Malign Gateway        Summ/Tloc      46%        N/A       28%         7
Your spell library was empty.

Dungeon Overview and Level Annotations

Branches:
Dungeon (14/15)            Temple (1/1) D:7            Lair (5/5) D:10
 Shoals (4/4) Lair:2        Snake (4/4) Lair:2        Slime (0/5) Lair:4
    Orc (2/2) D:11            Elf (0/3) Orc:2        Vaults (0/5) D:13
  Sewer (visited)           IceCv (visited)

Altars:
Ashenzari
Cheibriados
Dithmenos
Elyvilon
Fedhas
Gozag
Hepliaklqana
Makhleb
Nemelex Xobeh
Okawaru
Qazlal
Ru
Trog
Uskayaw
Wu Jian
Xom
Yredelemnul
Zin
The Shining One
Jiyva

Shops:
D:4 (   D:13 =   D:14 [***   Orc:2 [[*(   Shoals:2 *   Snake:2 *

Portals:
Hell: Lair:5

Annotations:
D:11 1 runed translucent door
Lair:4 3 runed translucent doors, Kely's ghost, journeyman OpSh
Lair:5 exclusion: oklob plant


Innate Abilities, Weirdness & Mutations

You are immune to sickness and miasma.
You are immune to poison.
Your flesh is very heat resistant. (rF++)
You are vulnerable to cold. (rC-)
You float through the air rather than walking.
You learn spells naturally, not from books.
Your magical power is your life essence.
You have superior vitality. (+4 MHP)
You are dopey. (Int -2)


Message History

The silver javelin barely misses you.
Unknown command.
The merfolk siren chants a haunting song.
You resist with almost no effort.
The merfolk javelineer throws a silver javelin.
The silver javelin pierces through you! The silver sears you!
You feel yourself slow down.
You hear a shout!
You see here a wind drake corpse.
Unknown command.
The merfolk javelineer throws a silver javelin.
The silver javelin pierces through you! The silver sears you!
The merfolk siren chants a haunting song.
You resist with almost no effort.
The merfolk javelineer throws a silver javelin.
The silver javelin pierces through you! The silver sears you!
* * * LOW HITPOINT WARNING * * *
You block the merfolk's attack.
Casting: Iskenderun's Mystic Blast (safe; 1% risk of failure)
Confirm with . or Enter, or press ? or * to list all spells.
You feel a surge of power!
You erupt in a blast of force!
The mystic blast hits the merfolk siren!!
The merfolk siren is severely wounded.
The merfolk siren is knocked back by the mystic blast.
The mystic blast hits the plant!!
The plant begins to die.
The plant is lightly damaged.
The mystic blast hits the merfolk!!
The merfolk is moderately wounded.
The merfolk is knocked back by the mystic blast.
The merfolk slams into the rock wall!
The merfolk is heavily wounded.
* * * LOW HITPOINT WARNING * * *
The merfolk javelineer throws a silver javelin.
The silver javelin pierces through you!!
* * * LOW HITPOINT WARNING * * *
The silver sears you!
* * * LOW HITPOINT WARNING * * *
The merfolk javelineer throws a silver javelin.
The silver javelin pierces through you!
You die...

.~........~~~~~...P##PP......
.~~......~~~~..~~~PP.P##....#####
~~~..#.....~~~~#~~~~~...P#...~~~~
~~~~........~~~#PP~~~~~~.#.~~~~~~
~~<~...........#~~~~)~~~~#~~~~~~~
~~~~~..........#~~~~~†~~~#~~~~~~~
~~~............#P~~~~~~~~#)~~~≈~~
~~~~.###.........##~†~~~~~)~~~~~~
≈~~~............@.m~##~~~~~~~~~~~
≈~~~.............~~~~P~~~~~~~~~~~
≈~~~~............~†~~~~~~~~~~~~~~
≈~~~~...........~~)~~~~~~...~~~~~
≈~~~~.......~.~~~~~~~~~~~...~~~~~
≈~~~~........~~~m~~~~~P~P..^.~~~~
≈~~~~.......~~~~~~~~~PPPPPP..~~~~
≈~~~~~.....~~~m~~~P~~~~P##..~~~~
#PP~~~~#P~~~~~~#~#~~~


You could see a merfolk javelineer, a merfolk and a merfolk siren.

Vanquished Creatures
  Mara (Snake:3)
  Vashnia (Snake:4)
  Mlioglotl (Snake:1)
  An Ice Fiend (Snake:1)
  A kraken (Shoals:2)
  Kirke (D:13)
  5 nagarajas
  Aizul (Snake:1)
  Nessos (D:13)
  2 dire elephants (Lair:5)
  A fire dragon (D:14)
  8 hydras
  4 merfolk impalers
  4 salamander tyrants (Snake:4)
  4 catoblepae
  Erica (D:10)
  9 anacondas
  4 merfolk avatars
  3 centaur warriors
  3 two-headed ogres
  4 merfolk aquamancers
  6 boulder beetles
  11 death yaks
  5 orc high priests (Orc:2)
  17 naga warriors
  A tengu warrior (D:13)
  6 shock serpents
  8 naga sharpshooters
  7 skysharks
  A sun demon (Lair:5)
  A fire crab (Shoals:3)
  4 salamander mystics
  18 mana vipers
  11 naga ritualists
  An arcanist (Lair:5)
  11 sea snakes
  2 bog bodies (IceCv)
  A lindwurm (Lair:2)
  3 deep elf pyromancers
  6 ugly things (D:14)
  11 salamanders
  12 fauns
  3 orc sorcerers
  9 manticores
  2 cyclopes
  An elephant (shapeshifter) (D:14)
  6 merfolk sirens
  8 guardian serpents
  6 elephants (Lair:4)
  Joseph (D:7)
  26 black mambas
  7 water nymphs
  15 naga magi
  A kobold blastminer (Orc:1)
  19 cane toads
  An ice statue (IceCv)
  2 gargoyles
  A torpor snail (Lair:5)
  2 orange demons (Lair:5)
  A kobold demonologist (D:11)
  An unseen horror (D:10)
  4 rime drakes
  An efreet (D:14)
  7 komodo dragons
  An anaconda simulacrum (IceCv)
  A yaktaur (D:14)
  4 ice devils
  Grinder (D:3)
  6 trolls
  4 polar bears
  36 merfolk
  A hellwing (Lair:5)
  6 wind drakes
  2 hornets (D:8)
  A tarantella (shapeshifter) (D:14)
  A queen bee (Lair:2)
  2 snapping turtles
  23 blink frogs
  6 slime creatures
  A dire elephant simulacrum (IceCv)
  Sigmund (D:2)
  3 shadows
  5 wyverns
  5 hogs (D:13)
  14 water elementals
  49 yaks
  9 basilisks
  Eustachio (D:6)
  A death yak simulacrum (IceCv)
  A warg (Orc:1)
  36 nagas
  The ghost of shadizar the Magician, an amateur DjAE (D:4)
  2 harpy simulacra (IceCv)
  4 vampire mosquitoes
  2 acid dragons
  14 water moccasins
  5 hell hounds (Lair:5)
  3 sky beasts
  An ice beast (D:5)
  21 orc warriors
  A black bear (D:4)
  6 ogres
  14 wolves (Lair:5)
  8 centaurs
  A phantom (D:7)
  Blork the orc (D:6)
  17 kobold brigands
  10 bullfrogs
  A gnoll sergeant (D:4)
  2 scorpions
  A cane toad simulacrum (IceCv)
  A two-headed ogre simulacrum (IceCv)
  49 killer bees
  2 howler monkeys
  2 elephant simulacra (IceCv)
  An electric eel (Lair:2)
  2 bombardier beetles (D:3)
  6 jellies
  A hound (D:5)
  37 orc priests
  2 gnoll boudas
  Jessica (D:2)
  Ijyb (D:3)
  26 orc wizards
  8 troll simulacra (IceCv)
  A hell rat (Sewer)
  2 polar bear simulacra (IceCv)
  4 spriggan simulacra (IceCv)
  3 wolf simulacra (IceCv)
  18 gnolls
  5 adders
  8 naga simulacra (IceCv)
  2 river rats
  8 white imps
  3 ufetubi (IceCv)
  3 ribbon worms (D:2)
  A dart slug (D:1)
  73 orcs
  9 ball pythons
  11 endoplasms
  8 giant cockroaches
  5 goblins
  8 hobgoblins
  22 kobolds
  2 quokkas
  5 bats
  8 frilled lizards
  8 rats
  A tentacle (Shoals:2)
1020 creatures vanquished.

Vanquished Creatures (collateral kills)
  A merfolk avatar (Shoals:3)
  A fire crab (Shoals:3)
  A manticore (Shoals:3)
  4 merfolk (Shoals:3)
7 creatures vanquished.

Vanquished Creatures (others)
  An eldritch tentacle (Shoals:3)
  A naga ritualist (Snake:1)
  A naga mage (Snake:1)
  A naga (Snake:1)
  An orc (Orc:1)
  114 fulminant prisms
  5 tentacles (Shoals:2)
124 creatures vanquished.

Grand Total: 1151 creatures vanquished

Notes
Turn   | Place    | Note
-------+----------+-------------------------------------------
     0 | D:1      | shadizar the Djinni Conjurer began the quest for the Orb.
     0 | D:1      | shadizar set off with the following spells memorised: Magic
                  | Dart, Searing Ray, Fulminant Prism, Iskenderun's Mystic
                  | Blast.
     0 | D:1      | Reached XP level 1. HP: 15/15 MP: 0/0
   299 | D:1      | Reached XP level 2. HP: 17/21 MP: 0/0
   380 | D:1      | Reached skill level 4 in Conjurations
   525 | D:1      | Reached XP level 3. HP: 23/25 MP: 0/0
   525 | D:1      | Learned a level 1 spell: Slow
   956 | D:2      | Noticed Jessica
   959 | D:2      | Killed Jessica
   960 | D:2      | Reached XP level 4. HP: 24/31 MP: 0/0
  1078 | D:2      | Noticed Sigmund
  1141 | D:2      | Killed Sigmund
  1142 | D:2      | Reached skill level 5 in Spellcasting
  1142 | D:2      | Reached skill level 5 in Conjurations
  1142 | D:2      | Reached skill level 5 in Hexes
  1142 | D:2      | Reached skill level 5 in Summonings
  1142 | D:2      | Reached skill level 5 in Necromancy
  1142 | D:2      | Reached skill level 5 in Translocations
  1142 | D:2      | Reached skill level 5 in Fire Magic
  1142 | D:2      | Reached skill level 5 in Ice Magic
  1142 | D:2      | Reached skill level 5 in Air Magic
  1142 | D:2      | Reached skill level 5 in Earth Magic
  1142 | D:2      | Reached skill level 5 in Alchemy
  1142 | D:2      | Reached XP level 5. HP: 13/35 MP: 0/0
  1142 | D:2      | Learned a level 2 spell: Mercury Vapours
  1142 | D:2      | Reached XP level 6. HP: 15/40 MP: 0/0
  1363 | D:2      | Found a faded altar of an unknown god.
  1865 | D:3      | Reached skill level 6 in Conjurations
  1933 | D:3      | Reached XP level 7. HP: 45/45 MP: 0/0
  1933 | D:3      | Learned a level 2 spell: Jinxbite
  1989 | D:3      | Noticed Grinder
  2021 | D:3      | Killed Grinder
  2022 | D:3      | Reached skill level 7 in Conjurations
  2057 | D:3      | Noticed Ijyb
  2065 | D:3      | Killed Ijyb
  2142 | D:3      | Found a glowing drain.
  2155 | D:3      | Reached XP level 8. HP: 43/50 MP: 0/0
  2156 | Sewer    | Entered a sewer
  2335 | D:3      | Found a basalt altar of Yredelemnul.
  2675 | D:4      | Found a transporter.
  2676 | D:4      | Found a transporter.
  2686 | D:4      | Reached skill level 1 in Fighting
  2686 | D:4      | Reached skill level 1 in Armour
  2737 | D:4      | Found Joeren's Weapon Boutique.
  2752 | D:4      | Noticed shadizar's ghost (amateur DjAE)
  2777 | D:4      | Found a snail-covered altar of Cheibriados.
  3536 | D:4      | Identified the +0 spear of Jaclorph {elec, +Blink Int+6}
  3566 | D:4      | Killed shadizar's ghost
  3759 | D:5      | Entered Level 5 of the Dungeon
  3764 | D:5      | Reached XP level 9. HP: 52/58 MP: 0/0
  3764 | D:5      | Learned a level 3 spell: Confusing Touch
  3886 | D:5      | Reached skill level 1 in Shields
  4147 | D:5      | Found a blossoming altar of Fedhas.
  4306 | D:6      | Noticed Blork the orc
  4312 | D:6      | Killed Blork the orc
  4330 | D:6      | Reached skill level 8 in Conjurations
  4518 | D:6      | Noticed Eustachio
  4529 | D:6      | Killed Eustachio
  4531 | D:6      | Found a hide-covered altar of Uskayaw.
  4899 | D:7      | Noticed Joseph
  4911 | D:7      | Killed Joseph
  4912 | D:7      | Reached skill level 5 in Dodging
  4912 | D:7      | Reached XP level 10. HP: 64/67 MP: 0/0
  4932 | D:7      | Found a staircase to the Ecumenical Temple.
  5781 | Temple   | Entered the Ecumenical Temple
  5792 | Temple   | Became a worshipper of Makhleb the Destroyer
  5842 | D:8      | Reached skill level 5 in Shields
  5972 | D:8      | Found a glowing silver altar of Zin.
  6010 | D:8      | Reached * piety under Makhleb
  6531 | D:9      | Reached XP level 11. HP: 43/74 MP: 0/0
  6531 | D:9      | Learned a level 5 spell: Iskenderun's Battlesphere
  6595 | D:9      | Noticed a two-headed ogre
  6610 | D:9      | Killed a two-headed ogre
  6611 | D:9      | Reached skill level 5 in Fighting
  6611 | D:9      | Reached skill level 5 in Armour
  6802 | D:9      | Reached ** piety under Makhleb
  6898 | D:9      | Found a broken altar of Ashenzari.
  7123 | D:9      | Identified 2 scrolls of acquirement
  7123 | D:9      | Acquired the +0 cloak of the Thief {Quiet Slay-3 SInv
                  | Stlth+}
  7123 | D:9      | Found the +0 cloak of the Thief {Quiet Slay-3 SInv Stlth+}
  7189 | D:9      | Acquired the ring "Moatux" {rF+ rC++ MP+9 Int+6}
  7239 | D:10     | Entered Level 10 of the Dungeon
  7462 | D:10     | Noticed Erica
  7462 | D:10     | Paralysed by Erica for 5 turns
  7472 | D:10     | Killed Erica
  7551 | D:10     | Found a staircase to the Lair.
  7937 | D:10     | Noticed a boulder beetle
  7947 | D:10     | Killed a boulder beetle
  7948 | D:10     | Reached XP level 12. HP: 63/84 MP: 0/0
  8068 | Lair:1   | Entered Level 1 of the Lair of Beasts
  8235 | Lair:1   | Identified the +12 plate armour "Uniselub" {Harm rF+}
  8293 | Lair:1   | Noticed a death yak
  8295 | Lair:1   | Noticed a death yak
  8295 | Lair:1   | Noticed a death yak
  8297 | Lair:1   | Noticed a death yak
  8298 | Lair:1   | Noticed a death yak
  8303 | Lair:1   | Killed a death yak
  8303 | Lair:1   | Killed a death yak
  8303 | Lair:1   | Killed a death yak
  8304 | Lair:1   | Reached skill level 9 in Conjurations
  8307 | Lair:1   | Noticed a death yak
  8309 | Lair:1   | Killed a death yak
  8315 | Lair:1   | Reached *** piety under Makhleb
  8315 | Lair:1   | Killed a death yak
  8323 | Lair:1   | Killed a death yak
  9001 | Lair:2   | Found a staircase to the Snake Pit.
  9044 | Lair:2   | Reached skill level 5 in Stealth
  9044 | Lair:2   | Reached skill level 10 in Shields
  9242 | Lair:2   | Found a staircase to the Shoals.
  9267 | Lair:2   | Reached XP level 13. HP: 60/90 MP: 0/0
  9267 | Lair:2   | Learned a level 5 spell: Yara's Violent Unravelling
  9499 | Lair:2   | Reached **** piety under Makhleb
 10027 | Lair:3   | Noticed a six-headed hydra
 10036 | Lair:3   | Killed a six-headed hydra
 10037 | Lair:3   | Reached skill level 10 in Spellcasting
 10037 | Lair:3   | Reached skill level 10 in Conjurations
 10037 | Lair:3   | Reached skill level 10 in Hexes
 10037 | Lair:3   | Reached skill level 10 in Summonings
 10037 | Lair:3   | Reached skill level 10 in Necromancy
 10037 | Lair:3   | Reached skill level 10 in Translocations
 10037 | Lair:3   | Reached skill level 10 in Fire Magic
 10037 | Lair:3   | Reached skill level 10 in Ice Magic
 10037 | Lair:3   | Reached skill level 10 in Air Magic
 10037 | Lair:3   | Reached skill level 10 in Earth Magic
 10037 | Lair:3   | Reached skill level 10 in Alchemy
 10157 | Lair:3   | Identified the +0 leather armour of Macaroni {*Slow rN+
                  | Int+3 Stlth+}
 10168 | Lair:3   | Noticed a seven-headed hydra
 10178 | Lair:3   | Killed a seven-headed hydra
 10547 | Lair:3   | Identified the +6 rapier of the Forsaken Servitors {vamp,
                  | rPois rN+}
 10980 | Lair:4   | Noticed an eight-headed hydra
 11022 | Lair:4   | Found a viscous altar of Jiyva.
 11022 | Lair:4   | Found a staircase to the Slime Pits.
 11038 | Lair:4   | Found a frozen archway.
 11048 | IceCv    | Entered an ice cave
 11093 | IceCv    | Reached ***** piety under Makhleb
 11404 | IceCv    | Reached skill level 10 in Dodging
 11406 | IceCv    | Reached XP level 14. HP: 99/99 MP: 0/0
 11437 | IceCv    | Identified the staff "Transmigrator" {*Corrode rF+++ rN+
                  | Dex-3 Conj Necro}
 11642 | Lair:4   | Found a runed translucent gate.
 11642 | Lair:4   | Found a runed translucent gate.
 11642 | Lair:4   | Found a runed translucent gate.
 11642 | Lair:4   | Noticed an acid blob
 11642 | Lair:4   | Noticed an acid blob
 11642 | Lair:4   | Noticed an azure jelly
 11642 | Lair:4   | Noticed a quicksilver ooze
 11642 | Lair:4   | Noticed an acid blob
 11642 | Lair:4   | Noticed an azure jelly
 11642 | Lair:4   | Noticed an azure jelly
 11644 | Lair:4   | Noticed an acid blob
 11644 | Lair:4   | Noticed Kely's ghost (journeyman OpSh)
 11645 | Lair:4   | Noticed an acid blob
 11646 | Lair:4   | Noticed an acid blob
 11647 | Lair:4   | Noticed an azure jelly
 11654 | Lair:4   | Found a viscous altar of Jiyva.
 11701 | Lair:4   | Reached skill level 11 in Conjurations
 11919 | Lair:4   | Identified the +9 falchion "Dathreska" {freeze, rF+ SInv}
 12436 | Lair:5   | Entered Level 5 of the Lair of Beasts
 12493 | Lair:5   | Noticed a dire elephant
 12504 | Lair:5   | Killed a dire elephant
 12730 | Lair:5   | Noticed a dire elephant
 12740 | Lair:5   | Killed a dire elephant
 12793 | Lair:5   | Found a burning altar of Makhleb.
 12814 | Lair:5   | Found a gateway to Hell.
 12944 | Lair:5   | Reached XP level 15. HP: 107/107 MP: 0/0
 12944 | Lair:5   | Learned a level 6 spell: Starburst
 12953 | Lair:5   | Reached skill level 12 in Conjurations
 12960 | Lair:5   | Reached skill level 10 in Fighting
 13267 | Lair:5   | Reached ****** piety under Makhleb
 13870 | D:11     | Found a staircase to the Orcish Mines.
 14318 | D:11     | Found a runed translucent door.
 14321 | D:11     | Noticed a balrug
 14321 | D:11     | Found the +5 woodcutter's axe
 14499 | Orc:1    | Entered Level 1 of the Orcish Mines
 14994 | Orc:2    | Entered Level 2 of the Orcish Mines
 14994 | Orc:2    | Found a staircase to the Elven Halls.
 15427 | Orc:2    | Found Utebuig's Assorted Antiques.
 15427 | Orc:2    | Found Jiciv's Armour Shoppe.
 15437 | Orc:2    | Found Achih's Armour Shoppe.
 15439 | Orc:2    | Found Ewniud's Antique Weapon Emporium.
 16076 | D:12     | Reached skill level 10 in Armour
 16347 | D:12     | Identified the +5 rapier of Naunafil {holy, rElec rCorr
                  | Int+2}
 16684 | D:13     | Noticed Kirke
 16694 | D:13     | Noticed a sphinx
 16694 | D:13     | Killed Kirke
 16695 | D:13     | Reached XP level 16. HP: 115/115 MP: 0/0
 16921 | D:13     | Found a gate to the Vaults.
 17111 | D:13     | Noticed Nessos
 17116 | D:13     | Killed Nessos
 17117 | D:13     | Reached skill level 13 in Conjurations
 17125 | D:13     | Found Izat Ite's Jewellery Shop.
 18456 | D:14     | Found a shadowy altar of Dithmenos.
 18522 | D:14     | Found Ydecuyni's Assorted Antiques.
 18525 | D:14     | Found Saly's Assorted Antiques.
 18525 | D:14     | Found Gesaogidgh's Assorted Antiques.
 18533 | D:14     | Found Xakha's Armour Boutique.
 18535 | D:14     | Bought the +4 robe of Folly {Brill Will-∞ Int+8} for 1780
                  | gold pieces
 18535 | D:14     | Found the +4 robe of Folly {Brill Will-∞ Int+8}
 18543 | D:14     | Bought a scroll of identify for 56 gold pieces
 18839 | Snake:1  | Entered Level 1 of the Snake Pit
 19061 | Snake:1  | Found a basalt altar of Yredelemnul.
 19198 | Snake:1  | Noticed Mlioglotl
 19206 | Snake:1  | Identified the serpent talisman of Misanthropy {rCorr
                  | Str+2}
 19206 | Snake:1  | Noticed Aizul
 19211 | Snake:1  | Killed Mlioglotl
 19215 | Snake:1  | Killed Aizul
 19321 | Snake:1  | Found a transporter.
 19363 | Snake:1  | Found a transporter.
 19363 | Snake:1  | Found the ring of Shadows {Umbra +Inv Stlth+}
 20086 | Snake:2  | Reached skill level 14 in Conjurations
 20309 | Snake:1  | Gained mutation: You are dopey. (Int -2) [mutagenic glow]
 20338 | Snake:1  | Identified the ring "Reir" {*Slow rN++ Will+ rCorr Dex+2}
 20353 | Snake:1  | Identified the ring "Ziovol" {Ice Will+ Str+3 Dex+2}
 20474 | Snake:2  | Noticed a nagaraja
 20504 | Snake:2  | Killed a nagaraja
 20505 | Snake:2  | Reached XP level 17. HP: 92/123 MP: 0/0
 20505 | Snake:2  | Learned a level 7 spell: Haunt
 20758 | Snake:2  | Found Legekimn's CLEARANCE SALE!.
 21887 | Snake:3  | Reached skill level 15 in Spellcasting
 21887 | Snake:3  | Reached skill level 15 in Conjurations
 21887 | Snake:3  | Reached skill level 15 in Hexes
 21887 | Snake:3  | Reached skill level 15 in Summonings
 21887 | Snake:3  | Reached skill level 15 in Necromancy
 21887 | Snake:3  | Reached skill level 15 in Translocations
 21887 | Snake:3  | Reached skill level 15 in Fire Magic
 21887 | Snake:3  | Reached skill level 15 in Ice Magic
 21887 | Snake:3  | Reached skill level 15 in Air Magic
 21887 | Snake:3  | Reached skill level 15 in Earth Magic
 21887 | Snake:3  | Reached skill level 15 in Alchemy
 22660 | Snake:3  | Noticed Mara
 22662 | Snake:3  | Noticed shadizar's illusion
 22674 | Snake:3  | Killed Mara
 22840 | Snake:4  | Entered Level 4 of the Snake Pit
 22840 | Snake:4  | Found a shadowy altar of Dithmenos.
 23020 | Snake:4  | Reached XP level 18. HP: 126/131 MP: 0/0
 23032 | Snake:4  | Noticed Vashnia
 23053 | Snake:4  | Killed Vashnia
 23322 | Snake:4  | Found an iron altar of Okawaru.
 23335 | Snake:4  | Got a serpentine rune of Zot
 23865 | Snake:4  | Acquired a manual of Fighting
 23871 | Snake:4  | Acquired a manual of Conjurations
 23876 | Snake:4  | Acquired 1152 gold pieces
 23975 | Snake:1  | Reached skill level 16 in Conjurations
 24007 | Shoals:1 | Entered Level 1 of the Shoals
 25454 | Shoals:2 | Found Baba's General Store.
 25734 | Shoals:2 | Noticed a kraken
 25748 | Shoals:2 | Killed a kraken
 26075 | Shoals:3 | Reached XP level 19. HP: 134/139 MP: 0/0
 26075 | Shoals:3 | Learned a level 7 spell: Malign Gateway
 26186 | Shoals:3 | Reached skill level 17 in Conjurations
 27309 | Snake:1  | Noticed an Ice Fiend
 27316 | Snake:1  | Killed an Ice Fiend
 27517 | Shoals:4 | Entered Level 4 of the Shoals
 27609 | Shoals:4 | HP: 7/141 [merfolk javelineer/silver javelin (4)]
 27609 | Shoals:4 | Hit by a silver javelin thrown by a merfolk javelineer

Illustrated notes

Levels and vault maps discovered:
D:1:      minmay_arrival_widening_spiral_narrow, layout_rooms
D:2:      layout_basic, ebering_ecumenical_altar_hall, minmay_ruptured,
          uniq_sigmund, uniq_jessica
D:3:      layout_rooms, nicolae_overflow_hidden_temple, portal_sewer_entry_a,
          uniq_ijyb, uniq_grinder
D:4:      layout_basic, amcnicky_altar_gilded, serial_shops, shop_coins,
          gammafunk_ghost_gnarly_gnolls
D:5:      layout_cave_pools, nicolae_sif_muna_little_library,
          mainiacjoe_overflow_cross_hatched, lemuel_coloured_pillars_altar,
          serial_glass, glass_columns_a, glass_columns_a
D:6:      layout_rooms, nicolae_overflow_crystal_walls, uniq_blork_the_orc,
          uniq_eustachio
D:7:      layout_basic, minmay_temple_entry_nine_rooms, uniq_joseph
D:8:      layout_cave_pools, mainiacjoe_overflow_24_doors, lemuel_tele_altar
D:9:      layout_cave_pools, evilmike_ruin_ashenzari
D:10:     layout_loops_ring, lair_entry_dummy, uniq_erica
D:11:     dreamdust_dug_too_deep, layout_small_grid, orc_0_dummy, special_room
          [special_room_kobold]
D:12:     layout_irregular_city
D:13:     layout_stronghold, hellmonk_vaults_attempted_burglary, serial_shops,
          shop, eino_small_chamber_without_monster, uniq_nessos, uniq_kirke
D:14:     wad_statue_garden, layout_long_grid, nicolae_dithmenos_shadow_blocks,
          minmay_shop_grid_forest
Temple:   cyrus_circular_temple
Lair:1:   layout_regular_city, infiniplex_staircase_pool
Lair:2:   layout_roguey [special_room_bee], minmay_shoals_entry_hut,
          minmay_snake_entry_guardpost_small, minmay_stone_trees_medium,
          infiniplex_staircase_pool_2
Lair:3:   layout_small_grid
Lair:4:   layout_gridlike, nicolae_slime_entry_slimehenge, gammafunk_ghost_ooze,
          portal_ice_cave_entry_pillars_2
Lair:5:   evil_forest, layout_loops_ring, nicolae_quartered_pool_impasse,
          minmay_lair_oklob_items
Shoals:1: layout_shoals
Shoals:2: layout_shoals, serial_shops, shop
Shoals:3: layout_shoals, hangedman_shoal_volcano
Shoals:4: shoals_end_grunt_garden, layout_shoals, shoals_ilsuiw_ice,
          nicolae_shoals_wave_tunnel
Snake:1:  gammafunk_its_a_trap, layout_layer_cave, basic_altar, uniq_mlioglotl,
          uniq_aizul
Snake:2:  layout_chambers, nicolae_shop_clearance, serial_bayou_shore_a
Snake:3:  layout_grid_shapes, grunt_megastairs_1, uniq_mara
Snake:4:  grunt_snake_rune_serpentine_throne, layout_cave_shapes, basic_altar,
          nicolae_snake_gridmaze_big_u, uniq_vashnia
Orc:1:    layout_caves
Orc:2:    st_orc_mages, layout_caves

Skill      XL: |  1  2  3  4  5  6  7  8  9 10 11 12 13 14 15 16 17 18 19 |
---------------+----------------------------------------------------------+-----
Spellcasting   | 4 5 6 7 8 9 10 11 12 14 15 16 | 16.7
Conjurations   | 4 5 6 7 8 9 10 11 12 14 15 16 17 | 17.4
Hexes          | 4 5 6 7 8 9 10 11 12 14 15 16 | 16.7
Summonings     | 4 5 6 7 8 9 10 11 12 14 15 16 | 16.7
Necromancy     | 4 5 6 7 8 9 10 11 12 14 15 16 | 16.7
Translocations | 4 5 6 7 8 9 10 11 12 14 15 16 | 16.7
Fire Magic     | 4 5 6 7 8 9 10 11 12 14 15 16 | 16.7
Ice Magic      | 4 5 6 7 8 9 10 11 12 14 15 16 | 16.7
Air Magic      | 4 5 6 7 8 9 10 11 12 14 15 16 | 16.7
Earth Magic    | 4 5 6 7 8 9 10 11 12 14 15 16 | 16.7
Alchemy        | 4 5 6 7 8 9 10 11 12 14 15 16 | 16.7
Fighting       | 2 4 6 7 8 9 10 11 12 13 14 | 14.3
Armour         | 2 4 6 7 8 9 10 11 12 | 12.1
Stealth        | 2 3 5 |  5.0
Dodging        | 3 5 7 8 10 11 12 13 14 | 14.0
Shields        | 3 8 9 10 11 12 13 14 | 14.4

Action                     |  1- 3 |  4- 6 |  7- 9 | 10-12 | 13-15 | 16-18 | 19-21 || total
---------------------------+-------+-------+-------+-------+-------+-------+-------++-------
  Melee: Unarmed           |       |       |     3 |       |       |       |       ||     3
         Spear             |       |       |       |     2 |       |       |       ||     2
         Staff             |       |       |       |       |     1 |     7 |     2 ||    10
   Cast: Magic Dart        |    73 |    75 |   164 |   284 |   596 |   495 |    93 ||  1780
         Searing Ray       |       |     1 |       |       |       |       |       ||     1
         Iskenderun's Myst |       |     5 |    76 |   185 |   415 |   448 |    83 ||  1212
         Fulminant Prism   |       |       |    18 |    16 |    27 |    45 |     8 ||   114
         Mercury Vapours   |       |       |       |     3 |     2 |       |       ||     5
         Starburst         |       |       |       |       |     2 |     7 |    27 ||    36
         Haunt             |       |       |       |       |       |     1 |       ||     1
         Malign Gateway    |       |       |       |       |       |       |     1 ||     1
    Use: Scroll            |       |       |       |    17 |     9 |    10 |     3 ||    39
         Potion            |       |       |       |       |       |     5 |       ||     5
 Armour: Robe              |     7 |     3 |    32 |    19 |       |       |       ||    61
         Acid dragon scale |       |       |       |    15 |   142 |   310 |    64 ||   531
  Dodge: Dodged            |     2 |       |    19 |    22 |    81 |   119 |    21 ||   264
  Block: Kite shield       |       |       |       |    42 |   158 |   260 |    38 ||   498
         Tower shield      |       |       |       |       |       |       |     4 ||     4

Table legend: (Time is in decaauts)
 A = Elapsed time spent in this place.
 B = Non-inter-level travel time spent in this place.
 C = Inter-level travel time spent in this place.
 D = Time resting spent in this place.
 E = Time spent auto-exploring this place.
 F = Levels seen in this place.
 G = Mean time per level.
                   A        B        C        D        E       F      G
               +--------+--------+--------+--------+--------+-----+--------+
         Total |  27674 |  25992 |   1682 |    100 |  19054 |  32 |  864.8 |
       Dungeon |  11914 |  11032 |    882 |      0 |   8422 |  14 |  851.0 |
        Temple |     22 |     22 |      0 |      0 |      0 |   1 |   22.0 |
          Lair |   5247 |   4919 |    328 |      0 |   3674 |   5 | 1049.4 |
        Shoals |   3381 |   3197 |    184 |      0 |   2346 |   4 |  845.2 |
     Snake Pit |   5365 |   5083 |    282 |    100 |   3564 |   4 | 1341.2 |
  Orcish Mines |   1132 |   1129 |      3 |      0 |    739 |   2 |  566.0 |
         Sewer |     98 |     98 |      0 |      0 |     61 |   1 |   98.0 |
      Ice Cave |    511 |    511 |      0 |      0 |    247 |   1 |  511.0 |
               +--------+--------+--------+--------+--------+-----+--------+

Top non-repeatable levels by time:
 Snake:1: 1599 daAuts
 Snake:2: 1424 daAuts
 Snake:3: 1328 daAuts
     D:4: 1320 daAuts
    D:13: 1229 daAuts
Shoals:3: 1154 daAuts
Shoals:1: 1126 daAuts
  Lair:5: 1104 daAuts
  Lair:2: 1069 daAuts
  Lair:3: 1068 daAuts
  Lair:4: 1060 daAuts
     D:7: 1058 daAuts
 Snake:4: 1012 daAuts
    D:14: 1008 daAuts
Shoals:2: 1006 daAuts
